 Dungeon Crawl Stone Soup version 0.24-a0-537-g2d01d4ab0a (webtiles) character file.

Game seed: 16458182168082833819

405 BinkBink the Poker (level 6, 0/46 HPs)
             Began as a Demonspawn Gladiator on Aug 12, 2019.
             Was a Plaything of Xom.
             Killed from afar by an orc wizard (4 damage)
             ... with a magic dart
             ... on level 4 of the Dungeon.
             The game lasted 00:06:51 (3875 turns).

BinkBink the Poker (Demonspawn Gladiator)           Turns: 3875, Time: 00:06:52

Health: 0/46       AC:  1    Str: 14    XL:     6   Next: 56%
Magic:  0/6        EV: 13    Int:  9    God:    Xom [...*..]
Gold:   182        SH:  5    Dex: 17    Spells: 5/5 levels left

rFire    . . .     SeeInvis .   a - +1 trident
rCold    . . .     Gourm    .   m - +1 buckler
rNeg     . . .     Faith    .   (no armour)
rPois    +         Spirit   +   c - +0 helmet
rElec    .         Reflect  .   (no cloak)
rCorr    .         Harm     .   (no gloves)
MR       .....                  (no boots)
Stlth    ++........             (no amulet)
HPRegen  0.15/turn              n - ring of poison resistance
MPRegen  0.10/turn              (no ring)

@: no status effects
A: spiny 1, magic shield
a: Renounce Religion


You were on level 4 of the Dungeon.
You worshipped Xom.
You were a favourite toy of Xom.
You were not hungry.

You visited 1 branch of the dungeon, and saw 4 of its levels.

You collected 182 gold pieces.

Inventory:

Hand Weapons
 a - a +1 trident (weapon)
Missiles
 d - 3 throwing nets (quivered)
Armour
 c - a +0 helmet (worn)
 m - a +1 buckler (worn)
Jewellery
 n - a ring of poison resistance (left hand)
Scrolls
 e - a scroll of magic mapping {unknown}
 g - a scroll of enchant weapon
 h - 2 scrolls of teleportation
 o - a scroll of fear
 q - a scroll of amnesia
Potions
 b - 2 potions of flight
Comestibles
 f - 5 rations


   Skills:
 + Level 2.9 Fighting
 + Level 5.1 Polearms
 + Level 2.1 Throwing
 + Level 0.7 Armour
 + Level 3.3 Dodging
 + Level 2.6 Stealth
 + Level 0.5 Shields


You had 5 spell levels left.
You didn't know any spells.
Your spell library was empty.

Dungeon Overview and Level Annotations

Branches:
Dungeon (4/15)
 Temple: D:4-7

Altars:
Elyvilon
Nemelex Xobeh
Vehumet
Xom
The Shining One


Innate Abilities, Weirdness & Mutations

You are partially covered in sharp spines.
When hurt, damage is shared between your health and your magic reserves.


Message History

The orc wizard casts a spell at you. The magic dart hits you.
* * * LOW HITPOINT WARNING * * *
Xom is mildly amused.
You block the orc wizard's attack.
Okay, then.
The orc wizard casts a cantrip, but nothing happens.
The orc wizard gestures at you while chanting.
The puff of frost misses you.
The orc wizard points at you and mumbles some strange words.
The puff of flame misses you.
The orc wizard looks encouraged for a moment.
The orc wizard is no longer moving quickly.
The orc wizard gestures wildly while chanting.
The orc wizard seems to speed up.
Found a ruby potion.
The orc wizard miscasts a cantrip.
The orc wizard casts a spell at you. The magic dart hits you!
You die...

#.# #
...
#.###
..!
#....
#.#
####<
#.# #..
#.#
...#
#.#
####
#@# #.#
#o# #.#
#.##
#o.# .
#######
##.# #
.......
#.# ##
#
...{...
#.# #..


You could see 2 orc wizards.

Vanquished Creatures
  Menkaure (D:4)
  A jelly (D:3)
  A centaur skeleton (D:4)
  8 adders
  2 oozes
  3 dart slugs
  3 worms (D:3)
  2 leopard geckos
  An orc (D:3)
  4 giant cockroaches
  6 goblins
  12 hobgoblins
  2 jackals (D:4)
  2 quokkas (D:3)
  A ball python (D:3)
  11 bats
  5 frilled lizards
  3 kobolds
  9 rats
77 creatures vanquished.

Vanquished Creatures (collateral kills)
  An ogre (D:4)
1 creature vanquished.

Grand Total: 78 creatures vanquished

Notes
Turn   | Place    | Note
-------+----------+-------------------------------------------
     0 | D:1      | BinkBink the Demonspawn Gladiator began the quest for the
                  | Orb.
     0 | D:1      | Reached XP level 1. HP: 16/16 MP: 1/1
   300 | D:1      | Gained mutation: You are partially covered in sharp spines.
                  | [demonic ancestry]
   300 | D:1      | Reached XP level 2. HP: 18/22 MP: 2/2
   484 | D:1      | Reached skill level 3 in Polearms
   828 | D:2      | Reached XP level 3. HP: 23/27 MP: 3/3
   867 | D:2      | Found a glowing golden altar of the Shining One.
  1198 | D:2      | Found a faded altar of an unknown god.
  1380 | D:2      | Reached XP level 4. HP: 29/33 MP: 4/4
  1729 | D:2      | Found a shimmering altar of Xom.
  1873 | D:2      | Became a worshipper of Xom of Chaos
  1893 | D:2      | Reached skill level 4 in Polearms
  1904 | D:2      | XOM: silly message
  1951 | D:2      | Found a white marble altar of Elyvilon.
  2114 | D:3      | Reached skill level 1 in Stealth
  2257 | D:3      | XOM: 1-stop teleportation journey
  2259 | D:3      | Found a sparkling altar of Nemelex Xobeh.
  2360 | D:3      | XOM: cloud trail
  2503 | D:3      | Found a radiant altar of Vehumet.
  2553 | D:3      | Gained mutation: When hurt, damage is shared between your
                  | health and your magic reserves. [demonic ancestry]
  2553 | D:3      | Reached XP level 5. HP: 11/38 MP: 5/5
  3479 | D:4      | Noticed an ogre
  3479 | D:4      | XOM: summons 2 friendly demons
  3485 | D:4      | Killed an ogre
  3485 | D:4      | Reached XP level 6. HP: 22/46 MP: 3/6
  3748 | D:4      | Noticed Menkaure
  3758 | D:4      | Killed Menkaure
  3758 | D:4      | Reached skill level 5 in Polearms
  3850 | D:4      | XOM: fog
  3862 | D:4      | HP: 2/46 [orc wizard/magic dart (6)]
  3875 | D:4      | Killed from afar by an orc wizard

Levels and vault maps discovered:
D:1:      dpeg_arrival_round_c, layout_basic
D:2:      layout_loops_corners, old_standard_altar, tso_metal_star,
          chequers_ecumenical_altar_grove, grunt_ministairs_14, elyvilon_altar_4
D:3:      layout_loops_ring, lemuel_round_altar,
          nemelex_xobeh_ov_fountains_minmay, first_ration
D:4:      layout_rooms, uniq_duvessa, uniq_menkaure

Skill      XL: |  1  2  3  4  5  6 |
---------------+-------------------+-----
Throwing       | 2 |  2.1
Polearms       | 3 4 5 |  5.1
Dodging        | 3 |  3.3
Stealth        | 1 2 |  2.6
Fighting       | |  2.9
Armour         | |  0.7
Shields        | |  0.5

Action                   |  1- 3 |  4- 6 || total
-------------------------+-------+-------++-------
Melee: Trident           |   109 |   125 ||   234
  Use: Scroll            |       |     8 ||     8
       Potion            |       |     5 ||     5
 Stab: Sleeping          |     3 |     6 ||     9
       Distracted        |       |     1 ||     1
  Eat: Chunk             |     2 |     4 ||     6
       Ration            |       |     1 ||     1
Armor: Scale mail        |    18 |       ||    18
       Skin              |     2 |       ||     2
Dodge: Dodged            |    50 |    51 ||   101
Block: Buckler           |       |    16 ||    16

Table legend:
 A = Non-vault XP
 B = Vault XP
 C = Vault XP percentage of total XP
 D = Non-vault monster count
 E = Vault monster count
 F = Vault count percentage of total count
                 A         B        C        D         E       F
            +---------+---------+-------+---------+---------+-------
      Total |     396 |     183 |  31.6 |      75 |       3 |   3.8
            +---------+---------+-------+---------+---------+-------
        D:1 |      37 |       0 |   0.0 |      24 |       0 |   0.0
        D:2 |     110 |      14 |  11.3 |      25 |       2 |   7.4
        D:3 |      94 |       0 |   0.0 |      19 |       0 |   0.0
        D:4 |     155 |     169 |  52.2 |       7 |       1 |  12.5
            +---------+---------+-------+---------+---------+-------
